AoeStats
← [NICE_ASS] BigMasi

Black Forest

504508451Analyzed
4v4 RM · 27d ago on Sep 5, 2026· 38m 54s· 8 players
Game mode
Random Map
Map size
Large (8 player)
Population
200
Speed
Normal
Resources
Standard
Victory
Conquest
Starting age
Dark Age
Ending age
Imperial Age
RankedLock teamsTeams togetherTeam positionsShared explorationLock speedFull tech treeHidden civsTurbo modeCheats
Victory
Defeat
🇨🇳 Byzantines · China
1260
+13
🇭🇰 Mapuche · Hong Kong SAR China
1241
+14
🇨🇷 Dravidians · Costa Rica
1213
+15
🇨🇴 Cumans · Colombia
1147
+16
🇯🇵 Mongols · Japan
1205
-15
🇮🇳 Spanish · India
1199
-15
🇨🇭 Hindustanis · Switzerland
1174
-14
🇨🇳 Koreans · China
1162
-14
reuellemos29
3:05 Loom
11:27 Feudal Age
15:18 Castle Age
13:09 Double-Bit Axe
13:31 Horse Collar
19:44 Wheelbarrow
19:05 Town Watch
22:00 Gold Mining
23:03 Hand Cart
23:26 Town Patrol
24:52 Stone Mining
28:25 Imperial Age
27:29 Scale Barding Armor
27:35 Forging
28:16 Stone Shaft Mining
27:59 Bloodlines
27:49 Husbandry
28:56 Cavalier
30:13 Iron Casting
29:58 Chain Barding Armor
33:52 Plate Barding Armor
34:08 Fletching
34:46 Inquisition
36:58 Conscription
37:07 Bodkin Arrow
37:55 Bracer
tugou
0:44 Loom
12:55 Feudal Age
17:09 Castle Age
16:11 Double-Bit Axe
16:19 Horse Collar
18:49 Fletching
20:29 Bow Saw
20:31 Bodkin Arrow
20:34 Gold Mining
29:59 Imperial Age
28:42 Stone Mining
29:28 Gold Shaft Mining
29:43 Ballistics
30:15 Wheelbarrow
32:20 Bracer
37:04 Hand Cart
38:12 Chemistry
[NICE_ASS] BigMasi
1:37 Loom
11:47 Feudal Age
13:05 Double-Bit Axe
13:03 Horse Collar
15:39 Castle Age
16:33 Bow Saw
18:16 Heavy Plow
23:31 Wheelbarrow
24:40 Caravan
25:25 Hand Cart
24:56 Town Watch
25:56 Scale Mail Armor
26:08 Forging
26:46 Squires
28:25 Chain Mail Armor
28:45 Iron Casting
28:07 Pikeman
35:27 Fletching
sada-aki
7:45 Loom
10:44 Feudal Age
11:22 Double-Bit Axe
14:41 Castle Age
12:49 Horse Collar
15:58 Bow Saw
26:32 Caravan
31:08 Imperial Age
29:51 Ballistics
30:13 Wheelbarrow
32:11 Drill
31:14 Capped Ram
32:05 Siege Ram
33:20 Coinage
34:41 Chemistry
33:25 Heavy Scorpion
35:08 Siege Engineers
36:53 Banking
naturalandre12
0:54 Loom
11:54 Feudal Age
12:51 Double-Bit Axe
12:43 Champi Runner
20:29 Castle Age
18:29 Horse Collar
18:43 Gold Mining
18:54 Stone Mining
19:23 Gold Mining
22:20 Bow Saw
22:12 Heavy Plow
24:14 Fletching
29:22 Imperial Age
27:33 Bodkin Arrow
30:08 Masonry
31:22 Forging
31:49 Conscription
32:10 Gold Shaft Mining
33:00 Iron Casting
33:11 Wheelbarrow
33:46 Stone Shaft Mining
33:43 Crop Rotation
ppeng
2:29 Loom
12:31 Feudal Age
16:06 Castle Age
14:42 Double-Bit Axe
14:39 Horse Collar
17:11 Bow Saw
17:50 Heavy Plow
22:25 Wheelbarrow
22:53 Stone Mining
28:53 Imperial Age
27:01 Treadmill Crane
27:54 Scale Barding Armor
28:00 Forging
27:48 Gold Mining
28:16 Scale Mail Armor
29:06 Chain Barding Armor
29:32 Stone Shaft Mining
29:40 Hand Cart
30:44 Chemistry
30:24 Gold Shaft Mining
30:18 Husbandry
31:29 Iron Casting
31:27 Conscription
31:59 Logistica
33:09 Plate Barding Armor
33:25 Crop Rotation
33:58 Two-Man Saw
33:45 Fletching
35:47 Bodkin Arrow
37:17 Bracer
38:05 Ballistics
37:42 Murder Holes
38:39 Hoardings
37:34 Pikeman
38:14 Squires
37:59 Arson
38:00 Gambesons
38:30 Scale Mail Armor
39:36 Chain Mail Armor
seantairs
0:51 Loom
10:14 Feudal Age
15:43 Castle Age
14:36 Double-Bit Axe
14:56 Horse Collar
20:19 Wheelbarrow
19:31 Town Watch
19:59 Pikeman
21:18 Squires
27:14 Hand Cart
27:14 Scale Barding Armor
28:22 Heavy Plow
29:05 Forging
30:14 Chain Barding Armor
36:10 Imperial Age
35:51 Bow Saw
36:25 Siege Elephant
37:42 Halberdier
[ATARB] Abel (cascos)
7:30 Loom
9:33 Feudal Age
10:17 Double-Bit Axe
16:29 Horse Collar
17:37 Wheelbarrow
22:06 Castle Age
20:03 Gold Mining
20:38 Bloodlines
20:39 Forging
20:35 Scale Barding Armor
22:43 Scale Barding Armor
23:51 Gold Shaft Mining
23:28 Bow Saw
23:41 Heavy Plow
24:29 Chain Barding Armor
24:45 Iron Casting
24:31 Hand Cart
37:02 Imperial Age
38:24 Plate Barding Armor
38:50 Blast Furnace
Connection lost

Rejoining the realm…

Still unreachable

The connection could not be restored.

Session expired

The server has moved on; the page needs a fresh start.